 Dungeon Crawl Stone Soup version 0.26-a0-812-g31a745ddcd (webtiles) character file.

Game seed: 18361733907389229325

307 Arthanis the Chopper (level 6, -1/39 HPs)
             Began as a Gargoyle Berserker on Nov 24, 2020.
             Was a Believer of Trog.
             Slain by an ogre
             ... wielding a +0 giant club
              (15 damage)
             ... on level 4 of the Dungeon.
             The game lasted 00:01:53 (1689 turns).

Arthanis the Chopper (Gargoyle Berserker)           Turns: 1689, Time: 00:01:53

Health: -1/39      AC: 14    Str: 21    XL:     6   Next: 40%
Magic:  6/6        EV: 10    Int:  9    God:    Trog [**....]
Gold:   92         SH:  0    Dex:  9    Spells: 5/5 levels left

rFire    + . .     SeeInvis .   a - +0 hand axe
rCold    . . .     Faith    .   (no shield)
rNeg     + . .     Spirit   .   j - +0 scale mail
rPois    ∞         Reflect  .   (no helmet)
rElec    +         Harm     .   l - +2 cloak
rCorr    .         Rampage  .   (no gloves)
MR       .....                  (no boots)
Stlth    +.........             (no amulet)
HPRegen  0.13/turn              d - ring of stealth
MPRegen  0.10/turn              k - ring of protection from fire

@: berserk cooldown, slowed, very slow
A: negative energy resistance 1, electricity resistance, unbreathing,
petrification resistance, rot immunity, AC +4
a: Berserk, Trog's Hand, Renounce Religion


You were on level 4 of the Dungeon.
You worshipped Trog.
Trog was pleased with you.
You visited 1 branch of the dungeon, and saw 3 of its levels.

You collected 92 gold pieces.

Inventory:

Hand Weapons
 a - a +0 hand axe (weapon)
Armour
 b - a +0 animal skin
 j - a +0 scale mail (worn)
 l - a +2 cloak (worn)
Jewellery
 d - a ring of stealth (left hand)
 k - a ring of protection from fire (right hand)
Scrolls
 c - a scroll of remove curse {unknown}
 e - 8 scrolls of identify {unknown}
 f - 2 scrolls of immolation {unknown}
Potions
 g - a potion of degeneration {unknown}
 h - a potion of lignification {unknown}
 i - a potion of invisibility {unknown}
 m - a potion of heal wounds {unknown}
 n - a potion of haste {unknown}


   Skills:
 + Level 4.7 Fighting
 * Level 4.7 Axes
 + Level 3.9 Armour
 - Level 2.0 Dodging


You had 5 spell levels left.
You didn't know any spells.
Your spell library was empty.

Dungeon Overview and Level Annotations

Branches:
Dungeon (2/15)

Altars:
Nemelex Xobeh


Innate Abilities, Weirdness & Mutations

You are resistant to torment.
Your stone body is resilient. (AC +4)
You are immune to poison.
You resist negative energy. (rN+)
You are resistant to electric shocks. (rElec)
You can survive without breathing.
You are immune to petrification.
You are immune to rotting.


Message History

The phantom hits you.
Things that are here:
a +0 hand axe; a +0 mace; an orc corpse You hit the phantom.
The phantom is severely damaged.
You slash the phantom!
You destroy the phantom!
Trog accepts your kill.
You have reached level 6!
Your experience leads to an increase in your attributes!
Increase (S)trength, (I)ntelligence, or (D)exterity?
You feel clever.
You are no longer berserk.
You are exhausted.
You feel yourself slow down. The ogre hits you with a +0 giant club!
The ogre hits you with a +0 giant club. The ogre closely misses you.
The ogre hits you with a +0 giant club!
You die...

#.....#.#.# .# .##'
#...#...#.# .##
+.....'##...##.## ..
#....O #..#....##.#
#.... #..#.....#.#
#...# .#.........# ...
........#...#
#.#####.#.##...#
##.@O##..#.....##
#.....#..#......##.#
##.......#.##.>.....
#.....##.#......#.....
##....##.......####...
......###......# ...
.#..........(..## #...
#..............##....#
......>.........#....#


You could see an ogre.

Vanquished Creatures
  2 phantoms (D:4)
  A bullfrog skeleton (D:4)
  An orc priest (D:4)
  An orc wizard (D:4)
  A worm (D:2)
  A leopard gecko (D:4)
  5 orcs (D:4)
  A giant cockroach (D:2)
  3 goblins
  7 hobgoblins
  A ball python (D:1)
  6 bats
  A frilled lizard (D:1)
  5 kobolds
  A rat (D:1)
37 creatures vanquished.

Notes
Turn   | Place    | Note
-------+----------+-------------------------------------------
     0 | D:1      | Arthanis the Gargoyle Berserker began the quest for the
                  | Orb.
     0 | D:1      | Reached XP level 1. HP: 14/14 MP: 1/1
    75 | D:1      | Reached XP level 2. HP: 19/19 MP: 2/2
   319 | D:1      | Reached ** piety under Trog
   480 | D:1      | Found a sparkling altar of Nemelex Xobeh.
   648 | D:2      | Reached XP level 3. HP: 23/23 MP: 3/3
  1498 | D:2      | You fall into a shaft and drop 2 floors!
  1509 | D:4      | Reached XP level 4. HP: 29/29 MP: 4/4
  1644 | D:4      | Noticed a phantom
  1646 | D:4      | Noticed a phantom
  1655 | D:4      | Reached XP level 5. HP: 33/33 MP: 5/5
  1665 | D:4      | Killed a phantom
  1666 | D:4      | Noticed an ogre
  1668 | D:4      | Killed a phantom
  1668 | D:4      | Reached XP level 6. HP: 39/39 MP: 6/6
  1689 | D:4      | Slain by an ogre

Illustrated notes

Levels and vault maps discovered:
D:1:      shiori_arrival_maze, layout_basic, nemelex_diamond_rough_becter
D:2:      layout_basic
D:4:      layout_cave_pools, minmay_fractal_squares_diagonal_5

Skill      XL: |  1  2  3  4  5 |
---------------+----------------+-----
Axes           | 3 4 |  4.7
Dodging        | 2 |  2.0
Fighting       | 4 |  4.7
Armour         | 3 |  3.9

Action                   |  1- 3 |  4- 6 || total
-------------------------+-------+-------++-------
Melee: Hand axe          |    67 |    26 ||    93
Invok: Berserk           |     1 |     1 ||     2
Armor: Animal skin       |    19 |       ||    19
       Scale mail        |     3 |    12 ||    15
Dodge: Dodged            |    44 |    10 ||    54

Table legend: (Time is in decaauts)
 A = Elapsed time spent in this place.
 B = Non-inter-level travel time spent in this place.
 C = Inter-level travel time spent in this place.
 D = Time resting spent in this place.
 E = Time spent auto-exploring this place.
 F = Levels seen in this place.
 G = Mean time per level.
                   A        B        C        D        E       F      G
               +--------+--------+--------+--------+--------+-----+--------+
         Total |   1706 |   1625 |     81 |      0 |   1364 |   3 |  568.7 |
       Dungeon |   1706 |   1625 |     81 |      0 |   1364 |   3 |  568.7 |
               +--------+--------+--------+--------+--------+-----+--------+

Top non-repeatable levels by time:
     D:2: 914 daAuts
     D:1: 591 daAuts
     D:4: 200 daAuts
